Map: Eternal Empire LE

Players

KingArthur

  • Race: Zerg Zerg
  • League: Gold
  • Spawn Location: 1:00

Maverik - Winner!

  • Race: Terran Terran
  • League: Platinum
  • Spawn Location: 7:00

VOD

Have the link to the VOD?

Description

Time

  • Played on: Sept. 12, 2020, 9:14 p.m.
  • Length: 12:30
Show
View Real Time Build Order
Export as new Build Order

KingArthur Zerg 

Build Orders: Hatch First 

Get SALT Encoding   

  12  0:01  Drone  
  13  0:15  Overlord  
  13  0:28  Drone  
  13  0:34  Drone  
  13  0:35  Drone  
  16  0:59  Hatchery  
  15  1:11  Drone  
  15  1:13  Drone  
  17  1:19  Drone  
  17  1:24  Extractor  
  17  1:36  Spawning Pool  
  17  1:38  Drone x2  
  18  1:46  Drone  
  19  2:23  Queen  
  19  2:24  Queen  
  19  2:25  Zergling x10  
  28  2:33  Overlord  
  26  2:54  Metabolic Boost  
  26  3:05  Baneling Nest  
  25  3:26  Zergling x12  
  31  3:41  Zergling x4  
  33  3:50  Overlord  
  33  3:52  Zergling x2  
  34  3:59  Zergling x4  
  36  4:05  Baneling x3  
  36  4:13  Baneling  
  30  4:48  Zergling x24  
  33  5:03  Zergling x4  
  34  5:20  Zergling x6  
  32  5:40  Baneling  
  32  5:41  Baneling x2  
  31  5:48  Zergling x14  
  31  6:12  Zergling x12  
  31  6:17  Zergling x4  
  31  6:35  Zergling x4  
  31  6:39  Zergling x4  
  34  7:09  Baneling  
  34  7:10  Baneling x3  
  34  7:18  Zergling x2  
  34  7:20  Overlord  
  34  7:21  Overlord  
  30  7:40  Zergling x18  
  35  7:53  Zergling x16  
  43  8:13  Spore Crawler  
  42  8:24  Drone x8  
  42  8:25  Drone x2  
  52  8:29  Spore Crawler  
  35  9:04  Zergling x14  
  42  9:13  Queen  
  43  9:23  Zergling x6  
  38  9:38  Zergling x4  
  38  9:39  Zergling x4  
  41  9:57  Zergling x8  
  44  10:05  Zergling x2  
  38  10:33  Baneling x8  
  37  10:39  Zergling x4  
  37  10:40  Zergling x20  
  48  10:53  Zergling x4  
  24  11:47  Zergling x12  
  24  11:54  Drone x2  
  27  12:04  Zergling x6  
  19  12:24  Spore Crawler  
Show
View Real Time Build Order
Export as new Build Order

Maverik Terran - Winner!

Build Orders: Gas First Reaper Expand 

Get SALT Encoding   

  12  0:00  SCV  
  13  0:12  SCV  
  14  0:22  Supply Depot  
  14  0:24  SCV  
  15  0:33  Refinery  
  15  0:49  SCV, Barracks  
  16  1:01  SCV  
  17  1:14  SCV  
  18  1:20  Supply Depot  
  18  1:26  SCV  
  19  1:38  Reaper  
  21  1:41  Orbital Command  
  20  2:02  Command Center  
  20  2:12  Refinery  
  20  2:19  Factory  
  20  2:22  Marine  
  21  2:28  SCV  
  22  2:39  Marine  
  23  2:57  Marine  
  25  2:58  SCV  
  25  3:02  Factory Tech Lab  
  25  3:10  SCV  
  26  3:15  Marine  
  27  3:21  Orbital Command  
  27  3:22  SCV  
  27  3:24  Siege Tank  
  27  3:26  Barracks  
  31  3:33  Marine  
  32  3:39  Bunker, Orbital Command  
  32  3:43  Starport  
  32  4:17  Supply Depot  
  32  4:25  SCV x2  
  32  4:27  Barracks Tech Lab  
  32  4:30  Supply Depot  
  34  4:31  Starport Reactor  
  34  4:34  Barracks Reactor  
  34  4:35  Supply Depot  
  34  4:37  SCV x2, Engineering Bay  
  36  4:49  SCV x2  
  36  4:52  Marine  
  31  5:05  Refinery  
  29  5:10  Marine  
  29  5:13  Marine x2  
  32  5:15  Siege Tank  
  32  5:20  Medivac  
  37  5:28  Marine  
  38  5:31  Marine x2  
  39  5:45  Marine  
  39  5:47  Siege Tank  
  39  5:49  Marine x2  
  45  6:00  Supply Depot  
  45  6:03  Marine  
  46  6:06  Marine  
  46  6:14  Stimpack, Orbital Command  
  46  6:22  Marauder, Marine, Liberator  
  46  6:23  Supply Depot  
  46  6:24  Marine  
  53  6:28  Medivac  
  53  6:31  Supply Depot  
  54  6:39  Marine  
  54  6:46  Supply Depot  
  55  6:47  Marine x2  
  57  6:55  Supply Depot  
  57  6:57  Marine  
  57  6:58  Medivac  
  59  7:11  Marine x2  
  59  7:15  Marine  
  62  7:17  Command Center  
  62  7:23  Medivac  
  62  7:29  Marine x2  
  63  7:54  SCV x2  
  63  7:55  Siege Tank  
  68  7:59  Marine x3  
  71  8:16  Marine  
  72  8:27  Siege Tank  
  75  8:48  Marine x3  
  67  9:05  Marine  
  67  9:06  Marine x2  
  70  9:13  Orbital Command  
  65  9:23  Marine x2  
  65  9:24  Marine  
  60  9:35  Terran Infantry Weapons Level 1  
  60  9:36  Barracks  
  60  9:37  Medivac, Barracks  
  62  9:41  Marine x3  
  63  9:59  Marine x3  
  63  10:03  SCV  
  60  10:17  Marine x3  
  58  10:26  Marine x2  
  58  10:34  Marine  
  58  10:35  Marine x2  
  61  10:44  Marine  
  60  11:04  Marine x5  
  65  11:22  Marine x5  
  69  11:39  Marine  
  69  11:40  Marine  
  69  11:41  Marine x3  
Tags
 
Add a new tag
Caveats
  • Supply blocks, unpowered buildings, or Contaminate may cause inaccurate times.
  • Supply counts are checked every 10 seconds.